 Dungeon Crawl Stone Soup version 0.22-a0-42-g002c468 (webtiles) character file.

373528 Gorglomux the Champion of Chaos (level 21, -5/201 HPs)
             Began as a Deep Dwarf Fighter on Jan 5, 2018.
             Was the Champion of Makhleb.
             Slain by an Orb Guardian (8 damage)
             ... on level 5 of the Realm of Zot.
             The game lasted 00:33:04 (21310 turns).

Gorglomux the Champion of Chaos (DDFi)             Turns: 21310, Time: 00:33:05

Health: -5/201     AC: 27    Str: 28      XL:     21   Next: 40%
Magic:  4/4        EV: 11    Int:  8 (9)  God:    Makhleb [******]
Gold:   2435       SH: 27    Dex: 10 (12) Spells: 20/20 levels left

rFire    + . .     SeeInvis +   a - +4 broad axe (vamp)
rCold    + + .     Gourm    .   v - +0 large shield
rNeg     + . .     Faith    .   g - +0 gold dragon scales
rPois    +         Spirit   .   l - +2 helmet
rElec    .         Reflect  +   m - +1 cloak
rCorr    .         Harm     .   I - +0 pair of gloves {archery}
MR       +++..     Clarity  +   x - +2 pair of boots {Fly}
Stlth    ..........             s - +5 amulet of reflection
HPRegen  0.00/turn              y - +3 ring of slaying {=R}
MPRegen  0.09/turn              o - ring of poison resistance

@: about to teleport, non-regenerating
A: damage resistance, heal wounds, hooves 2, see invisible, clarity, cold
resistance 1, deformed body, dopey 1, negative energy resistance 1, sense
surroundings 3, MP-powered wands, no regeneration
0: Orb of Zot
}: 3/15 runes: decaying, serpentine, silver
a: Heal Wounds, Minor Destruction, Lesser Servant of Makhleb, Major Destruction,
Greater Servant of Makhleb, Renounce Religion, Evoke Flight


You were on level 5 of the Realm of Zot.
You worshipped Makhleb.
Makhleb was exalted by your worship.
You were not hungry.

You visited 9 branches of the dungeon, and saw 45 of its levels.
You also visited: Bailey.

You collected 3038 gold pieces.
You spent 603 gold pieces at shops.

Inventory:

Hand Weapons
 a - a +4 vampiric broad axe (weapon)
 b - a +3 scimitar of flaming
Missiles
 Z - 3 throwing nets (quivered)
Armour
 c - a +0 shield
 g - +0 gold dragon scales (worn)
 l - a +2 helmet (worn)
 m - a +1 cloak (worn)
 v - a +0 large shield (worn)
 x - a +2 pair of boots of flying (worn)
 H - the +3 plate armour "Futuur" {Dex+2}
   (You found it on level 7 of the Dungeon)

   It affects your dexterity (+2).
 I - a +0 pair of gloves of archery (worn)
Jewellery
 d - an uncursed ring of protection from magic {unknown}
 e - an uncursed amulet of harm {unknown}
 o - a ring of poison resistance (right hand)
 r - a +2 ring of evasion
 s - a +5 amulet of reflection (around neck)
 y - a +3 ring of slaying (left hand) {=R}
Wands
 A - a wand of acid (14)
 D - a wand of digging (5)
 E - a wand of enslavement (8)
 P - a wand of paralysis (17)
 S - a wand of scattershot (8)
Scrolls
 j - a scroll of holy word
 k - 11 scrolls of remove curse
 C - a scroll of random uselessness
 F - 6 scrolls of fear
 K - 2 scrolls of immolation
 Q - 4 scrolls of fog
 R - 11 scrolls of identify
 T - 5 scrolls of teleportation
Potions
 p - 3 potions of brilliance
 G - a potion of invisibility
 L - 4 potions of flight
 N - 2 potions of heal wounds
 V - 5 potions of cancellation
Books
 i - a book of Transfigurations

   Spells                             Type                      Level
   a - Irradiate                      Conjuration/Transmutation    5
   b - Statue Form                    Transmutation/Earth          6
   c - Hydra Form                     Transmutation                6
   d - Dragon Form                    Transmutation                7
 n - a book of Fire

   Spells                             Type                      Level
   a - Ignite Poison                  Fire/Transmutation/Poison    3
   b - Fireball                       Conjuration/Fire             5
   c - Bolt of Fire                   Conjuration/Fire             6
   d - Ring of Flames                 Charms/Fire                  7
   e - Ignition                       Fire                         8
 t - a book of Summonings

   Spells                             Type                      Level
   a - Recall                         Summoning/Translocation      3
   b - Aura of Abjuration             Summoning                    5
   c - Summon Demon                   Summoning                    5
   d - Summon Forest                  Summoning/Translocation      5
   e - Summon Mana Viper              Hexes/Summoning              5
   f - Shadow Creatures               Summoning                    6
 u - a book of Callings

   Spells                             Type                      Level
   a - Summon Small Mammal            Summoning                    1
   b - Call Imp                       Summoning                    2
   c - Call Canine Familiar           Summoning                    3
   d - Summon Guardian Golem          Hexes/Summoning              3
   e - Summon Lightning Spire         Summoning/Air                4
   f - Summon Ice Beast               Ice/Summoning                4
 w - a book of Conjurations

   Spells                             Type                      Level
   a - Magic Dart                     Conjuration                  1
   b - Searing Ray                    Conjuration                  2
   c - Dazzling Spray                 Conjuration/Hexes            3
   d - Fulminant Prism                Conjuration/Hexes            4
   e - Force Lance                    Conjuration/Translocation    4
   f - Iskenderun's Mystic Blast      Conjuration                  4
 O - a book of the Dragon

   Spells                             Type                      Level
   a - Flame Tongue                   Conjuration/Fire             1
   b - Cause Fear                     Hexes                        4
   c - Bolt of Fire                   Conjuration/Fire             6
   d - Dragon Form                    Transmutation                7
   e - Dragon's Call                  Summoning                    9
 Y - a book of Minor Magic

   Spells                             Type                      Level
   a - Magic Dart                     Conjuration                  1
   b - Blink                          Translocation                2
   c - Call Imp                       Summoning                    2
   d - Slow                           Hexes                        2
   e - Conjure Flame                  Conjuration/Fire             3
   f - Mephitic Cloud                 Conjuration/Poison/Air       3
Miscellaneous
 U - a box of beasts
 W - a sack of spiders
 X - a phial of floods
Comestibles
 f - 28 rations


   Skills:
 + Level 15.2 Fighting
 + Level 17.6 Axes
 + Level 17.6 Armour
 + Level 17.2 Dodging
 + Level 17.6 Shields
 + Level 19.0 Invocations


You had 20 spell levels left.
You didn't know any spells.

Dungeon Overview and Level Annotations

Branches:
Dungeon (15/15)            Temple (1/1) D:5            Lair (4/6) D:9
  Swamp (4/4) Lair:4        Snake (4/4) Lair:4          Orc (2/2) D:9
 Vaults (5/5) D:14         Depths (5/5) D:15            Zot (5/5) Depths:5
    Elf: Orc:2        Crypt: Vaults:2-3

Altars:
Ashenzari
Cheibriados
Dithmenos
Elyvilon
Fedhas
Gozag
Hepliaklqana
Kikubaaqudgha
Makhleb
Nemelex Xobeh
Okawaru
Qazlal
Ru
Sif Muna
Trog
Uskayaw
Vehumet
Wu Jian
Xom
Yredelemnul
Zin
The Shining One

Shops:
D:9 [**[?

Portals:
Abyss: Depths:5
Ziggurat: Depths:1

Annotations:
D:3 1 runed door
D:7 1 exclusion
Orc:2 Saint Roka
Depths:4 exclusion: orange crystal statue
Zot:5 exclusion: obsidian statue, Tiamat


Innate Abilities, Weirdness & Mutations

You are resistant to damage.
You can heal yourself by infusing magical energy.
You resist negative energy. (rN+)
You passively map a large area around you.
You do not regenerate.
You have hoof-like feet.
You have supernaturally acute eyesight. (SInv)
You possess an exceptional clarity of mind.
Your flesh is cold resistant. (rC+)
Armour fits poorly on your strangely shaped body.
You are dopey. (Int -2)
You expend magic power (3 MP) to strengthen your wands.


Message History

* * * don't die
* * * You see butt the Orb of Zot!
You pick up the Orb of Zot!!!
The Orb lets butt a hideous shriek!!!
The lords of Pandemonium are not amused!
Beware!!!
Now all you have to do is get back out of the dungeon!!!
You hear a shout!!!
You hear a roar!!! x2; You hear a butt!!!
You hear a roar!!!
You hear a shout!!!
You hear a roar!!! x4
You hear a shout!!!
Butt hear a roar!!!
You hear a roar!!!
You hear a butt!!!
You hear a roar!!! x3; You hear a shout!!!
You hear a roar!!! x2
The electric golem blinks!!!
The Orb Guardian hits you!!!!!! * * * don't die
* * * You block the Orb Guardian's butt!
You block the Orb Guardian's attack!
The Orb Guardian hits you!!!!!! * * * don't die
* * * The Orb Guardian hits you!!! * * * don't die
* * * You block the Orb Guardian'butts attack!
The Orb Guardian butts you but does no damage!
You block the Orb Guardian's attack! The Orb Guardian hits you!!! rip

********* #▓▓▓▓▓▓▓▓ ,...▓▓▓*
****,,,. ,......▓## ***,,,,,,.
,........## **,,,,,,,,.
,.........# ▓▓▓▓▓▓▓▓▓ *,,,,,,,,,.
,.§.(.....▓▓▓.......▓▓*,,,,,,,,,.
,....§....▓▓.........▓▓,,,,,,,,,.
,.....§§§§▓....XXX....▓X,,,,,,,,.
,...8.§§§§X.8.XX@^......,,,,,,,,,
,.....§§X§▓X..XXX.....▓.,,,,,,,,,
,.....§§§§▓▓...X.....▓▓,,,,,,,,,,
,.........▓▓▓.......▓▓*,,,,,,,,,,
,.........▓ ▓▓▓▓▓▓▓▓▓ *,,,,,,,,,,
,........▓▓ **,,,,,,,,,
,......▓▓▓ ***,,,,,,, ,...▓▓▓*
****,,,, *▓▓▓* *****


You could see an electric golem and 12 Orb Guardians.

Vanquished Creatures
  The ghost of Uhlv the Conqueror, a legendary MiBe of the Shining One (Zot:5)
  An orb of fire (Zot:5)
  Sojobo (Depths:1)
  A Killer Klown (Zot:5)
  4 golden dragons
  2 curse toes
  A bone dragon (Swamp:4)
  Jorgrun (Snake:2)
  4 tentacled monstrosities
  5 Orb Guardians (Zot:5)
  The ghost of Gorice the Impregnable, an adept HOGl of Beogh (Snake:4)
  3 titans
  Asterion (Vaults:1)
  2 death cobs
  A sphinx (Vaults:2)
  Kirke (D:15)
  2 shadow dragons
  3 storm dragons
  2 tengu reavers
  2 thorn hunters (Swamp:4)
  6 nagarajas (Snake:4)
  7 fire giants
  An iron dragon (Depths:4)
  4 frost giants (Zot:3)
  A draconian knight (Zot:2)
  2 deep elf sorcerers
  2 draconian scorchers
  2 vault wardens (Vaults:4)
  A draconian shifter (Zot:3)
  7 very ugly things
  4 ironheart preservers
  2 draconian stormcallers
  A war gargoyle (Vaults:5)
  A draconian annihilator (Zot:2)
  Nessos (D:13)
  17 stone giants
  An entropy weaver (Vaults:4)
  4 green draconians
  A deep elf annihilator (Vaults:5)
  2 black draconians (Zot:3)
  5 white draconians
  2 deep elf demonologists
  4 red draconians
  3 spark wasps (Depths:5)
  2 yellow draconians
  A purple draconian (Zot:5)
  An ettin (shapeshifter) (Vaults:5)
  8 ettins
  Josephine (D:12)
  6 fire dragons
  3 rakshasas
  2 great orbs of eyes
  2 large abominations (Vaults:5)
  A yaktaur captain (Vaults:4)
  10 hydras
  An ice dragon (shapeshifter) (Depths:5)
  A deep elf high priest (Vaults:5)
  2 spriggan air magi
  23 vault guards
  2 ice dragons
  10 naga warriors
  2 ghost crabs (Swamp:4)
  5 alligators
  Harold (Lair:2)
  3 anacondas (Snake:4)
  A death knight (Vaults:3)
  Erica (D:9)
  36 two-headed ogres
  4 deep troll shamans
  4 centaur warriors
  9 ogre magi
  4 shock serpents
  6 tengu warriors
  A deep troll earth mage (Vaults:3)
  17 naga sharpshooters
  A hell knight (D:14)
  2 spriggan berserkers
  5 iron trolls
  A shadow wraith (Vaults:1)
  A death drake (Swamp:4)
  4 deep elf knights
  5 skeletal warriors
  16 deep trolls
  3 spectral hydras (Swamp:4)
  A spriggan druid (Swamp:3)
  A glowing orange brain (Depths:3)
  A sea snake (shapeshifter) (Vaults:5)
  An unseen horror (D:12)
  A flayed ghost (D:14)
  A naga ritualist (Snake:4)
  6 deep elf archers
  2 shambling mangroves
  4 necromancers
  Pikel (D:6)
  12 orc knights
  3 phantasmal warriors
  A harpy (shapeshifter) (D:14)
  3 harpies (D:14)
  3 mana vipers (Snake:4)
  9 ironbrand convokers
  10 deep elf magi
  23 ugly things
  A tengu skeleton (Depths:1)
  An orc sorcerer (Vaults:1)
  2 manticores
  A shadow dragon skeleton (D:15)
  A sphinx skeleton (D:15)
  2 salamanders
  7 cyclopes
  11 elephants
  10 moths of wrath
  Joseph (D:9)
  2 stone giant skeletons
  13 black mambas
  2 fire giant skeletons (D:15)
  4 spiny frogs
  A black mamba (shapeshifter) (Depths:3)
  Psyche (D:9)
  A gargoyle (D:14)
  4 vault sentinels
  12 naga magi
  5 swamp worm zombies (Swamp:4)
  A spiny frog (shapeshifter) (D:14)
  2 kobold demonologists (Bailey)
  A rime drake (Lair:3)
  A komodo dragon (Lair:1)
  4 efreet (Zot:3)
  A yaktaur zombie (Depths:1)
  2 small abominations (Vaults:5)
  10 yaktaurs
  4 tengu conjurers
  2 guardian mummies (D:15)
  A yaktaur skeleton (Vaults:2)
  2 freezing wraiths
  4 hydra zombies (Swamp:4)
  11 trolls
  Grinder (D:3)
  2 tyrant leeches
  A meliai (shapeshifter) (D:15)
  6 hornets
  19 slime creatures
  4 bog bodies
  An alligator zombie (Swamp:4)
  2 spectral swamp dragons (Swamp:4)
  6 hippogriffs
  A fire dragon zombie (Vaults:1)
  A shadow (D:13)
  6 redbacks
  4 spriggans
  8 air elementals
  A centaur simulacrum (D:14)
  5 wyverns
  28 yaks
  Sigmund (D:2)
  A vampire (D:14)
  2 water elementals (Depths:1)
  10 wraiths
  3 basilisks
  5 hogs (D:15)
  3 hungry ghosts
  9 vampire mosquitoes
  The ghost of sagitran the Stinger, an amateur DrVM (D:4)
  3 wargs
  2 acid dragons
  9 swamp worms
  3 insubstantial wisps (Swamp:4)
  20 nagas
  2 hell hounds (D:9)
  A porcupine (shapeshifter) (D:13)
  A swamp drake (shapeshifter) (D:14)
  8 water moccasins
  2 swamp drakes
  30 orc warriors
  4 porcupines
  2 ice beasts
  A black bear (D:12)
  An ettin simulacrum (Vaults:1)
  2 eyes of draining
  3 swamp dragon zombies (Swamp:4)
  7 phantoms
  3 slaves (D:6)
  A deep troll simulacrum (Depths:1)
  A necrophage (D:11)
  2 sky beasts
  An elf skeleton (Vaults:1)
  5 centaurs
  22 wolves (Lair:1)
  29 ogres
  9 crocodiles
  A human skeleton (Vaults:2)
  2 big kobolds
  17 bullfrogs
  A wyvern zombie (D:8)
  2 glowing shapeshifter simulacra
  4 scorpions
  A water moccasin skeleton (D:5)
  5 killer bees (D:7)
  3 wights (D:13)
  8 electric eels
  2 howler monkeys
  4 crimson imps
  4 centaur zombies
  A quasit (D:12)
  5 hounds
  5 bullfrog zombies
  6 orc priests
  3 bullfrog skeletons
  A gnoll shaman (D:6)
  5 jellies
  3 centaur skeletons
  8 iguanas
  Ijyb (D:5)
  Terence (D:2)
  Natasha (thrice) (D:2)
  8 orc wizards
  2 spectral swamp drakes (Swamp:4)
  2 worker ants
  A hound skeleton (D:5)
  A mummy (D:9)
  23 gnolls
  12 adders
  A swamp drake zombie (Swamp:4)
  4 shadow imps
  2 oozes
  3 adder skeletons
  An adder zombie (D:8)
  A worm (D:3)
  7 leopard geckos
  86 orcs
  5 giant cockroaches
  17 goblins
  7 hobgoblins
  14 jackals
  13 kobolds
  6 quokkas
  A ball python (D:2)
  11 bats
  8 frilled lizards
  A giant cockroach zombie (D:6)
  2 quokka skeletons
  18 rats
  6 briar patches (Swamp:4)
  A crawling corpse (Vaults:5)
  A plant (Lair:2)
1205 creatures vanquished.

Vanquished Creatures (collateral kills)
  A golden dragon (Vaults:5)
  A titan (Vaults:5)
  3 Orb Guardians (Zot:5)
  A lich (Vaults:5)
  2 quicksilver dragons (Vaults:5)
  A tengu reaver (Depths:1)
  A storm dragon (Vaults:5)
  Aizul (Snake:2)
  A ghost moth (Zot:5)
  2 draconian stormcallers (Zot:2)
  An entropy weaver (Vaults:5)
  2 black draconians (Zot:2)
  2 purple draconians (Zot:2)
  4 vault guards (Vaults:5)
  A ghost crab (Swamp:1)
  A naga sharpshooter (Snake:4)
  A deep troll (Depths:1)
  An orc knight (Orc:2)
  3 deep elf magi (Vaults:5)
  A tengu skeleton (Depths:1)
  A moth of wrath (Zot:2)
  2 naga magi (Snake:4)
  A meliai (shapeshifter) (Vaults:5)
  A warg (Orc:2)
  3 orc warriors (Orc:2)
  An orc priest (Orc:2)
  2 orcs (Orc:2)
42 creatures vanquished.

Vanquished Creatures (others)
  Vashnia (Snake:2)
  A draconian shifter (Depths:5)
  A stone giant (Vaults:4)
  An ironheart preserver (Vaults:5)
  A very ugly thing (Depths:3)
  A spriggan defender (Depths:5)
  4 yaktaur captains
  A spriggan air mage (Depths:5)
  A naga warrior (Snake:4)
  4 naga sharpshooters
  2 naga ritualists (Snake:4)
  A cyclops (Vaults:2)
  2 moths of wrath
  7 yaktaurs
  A tyrant leech (Swamp:4)
  A bog body (Swamp:4)
  2 humans (D:15)
  A hungry ghost (D:13)
  6 insubstantial wisps (Swamp:4)
  A slave (D:6)
  2 ogres
  2 orcs (D:15)
  A kobold (D:14)
  A briar patch (Swamp:4)
  9 plants (Snake:2)
  A withered plant (D:15)
56 creatures vanquished.

Grand Total: 1303 creatures vanquished

Notes
Turn   | Place    | Note
-------+----------+-------------------------------------------
     0 | D:1      | Gorglomux the Deep Dwarf Fighter began the quest for the Orb.
     0 | D:1      | Reached XP level 1. HP: 20/20 MP: 1/1
    37 | D:1      | Reached skill level 3 in Axes
    38 | D:1      | Reached XP level 2. HP: 27/27 MP: 2/2
   235 | D:1      | Reached XP level 3. HP: 25/33 MP: 3/3
   406 | D:1      | Reached skill level 1 in Dodging
   554 | D:2      | Reached skill level 3 in Fighting
   577 | D:2      | Reached XP level 4. HP: 37/42 MP: 2/2
   661 | D:2      | Noticed Terence
   668 | D:2      | Killed Terence
   840 | D:2      | Noticed Natasha
   852 | D:2      | Killed Natasha
   853 | D:2      | Reached XP level 5. HP: 25/49 MP: 3/3
   856 | D:2      | Noticed Natasha
   861 | D:2      | HP: 2/49 [Natasha (6)]
   863 | D:2      | Killed Natasha
   870 | D:2      | Noticed Natasha
   880 | D:2      | Killed Natasha
   973 | D:2      | Noticed Sigmund
   996 | D:2      | Killed Sigmund
   996 | D:2      | Reached XP level 6. HP: 40/56 MP: 3/3
  1300 | D:3      | Found a runed door.
  1367 | D:3      | Noticed Grinder
  1393 | D:3      | Paralysed by Grinder for 3 turns
  1407 | D:3      | Paralysed by Grinder for 3 turns
  1444 | D:3      | Killed Grinder
  1444 | D:3      | Reached skill level 3 in Dodging
  1444 | D:3      | Reached XP level 7. HP: 35/63 MP: 4/4
  2569 | D:4      | Found a sand-covered staircase.
  2586 | D:4      | Noticed sagitran's ghost (amateur DrVM)
  2604 | D:4      | Gained mutation: Your muscles are strong. (Str +2) [potion of mutation]
  2604 | D:4      | Gained mutation: Your magical capacity is low. (-10% MP) [potion of mutation]
  2604 | D:4      | Gained mutation: Scrolls take you a little longer to read. [potion of mutation]
  2604 | D:4      | Gained mutation: You are partially covered in large bone plates. (SH +4) [potion of mutation]
  2626 | D:4      | Killed sagitran's ghost
  2728 | D:4      | Found a shattered altar of Ashenzari.
  2730 | D:4      | Found an iron altar of Okawaru.
  2970 | D:4      | Found a hazy altar of Hepliaklqana.
  3136 | D:4      | Reached XP level 8. HP: 39/73 MP: 4/4
  3207 | D:5      | Entered Level 5 of the Dungeon
  3209 | D:5      | Found a staircase to the Ecumenical Temple.
  3249 | Temple   | Entered the Ecumenical Temple
  3287 | Temple   | Became a worshipper of Makhleb the Destroyer
  3383 | D:5      | Noticed Ijyb
  3413 | D:5      | Killed Ijyb
  3548 | D:5      | Found a basalt altar of Yredelemnul.
  3548 | D:5      | Found a glowing silver altar of Zin.
  3758 | D:5      | Found a blossoming altar of Fedhas.
  3774 | D:5      | Reached skill level 6 in Armour
  3774 | D:5      | Reached skill level 6 in Shields
  3816 | D:5      | Reached * piety under Makhleb
  3989 | D:6      | Reached skill level 6 in Axes
  4029 | D:6      | Found an ornate altar of the Wu Jian Council.
  4242 | D:6      | Noticed Pikel
  4278 | D:6      | Killed Pikel
  4278 | D:6      | Gained mutation: You passively map the area around you. [Deep Dwarf growth]
  4278 | D:6      | Reached XP level 9. HP: 30/81 MP: 4/4
  4944 | D:7      | Reached skill level 6 in Dodging
  5108 | D:7      | Reached skill level 6 in Fighting
  5176 | D:7      | Reached ** piety under Makhleb
  5446 | D:7      | Got a fine plate armour
  5457 | D:7      | Identified the +3 plate armour "Futuur" {Dex+2} (You found it on level 7 of the Dungeon)
  5547 | D:7      | Reached skill level 1 in Invocations
  5548 | D:7      | Lost mutation: Scrolls take you a little longer to read. [potion of mutation]
  5548 | D:7      | Lost mutation: Your muscles are strong. (Str +2) [potion of mutation]
  5548 | D:7      | Lost mutation: Your magical capacity is low. (-10% MP) [potion of mutation]
  5548 | D:7      | Lost mutation: You are partially covered in large bone plates. (SH +4) [potion of mutation]
  5548 | D:7      | Gained mutation: You tend to lose your temper in combat. [potion of mutation]
  5548 | D:7      | Gained mutation: You have large cloven feet. [potion of mutation]
  5757 | D:9      | Found Fayggaa's Magic Scroll Shop.
  5773 | D:9      | Reached skill level 2 in Invocations
  5775 | D:9      | Bought a scroll of magic mapping for 52 gold pieces
  5775 | D:9      | Bought a scroll of enchant weapon for 112 gold pieces
  5775 | D:9      | Bought a scroll of fear for 52 gold pieces
  5775 | D:9      | Bought a scroll of magic mapping for 52 gold pieces
  5775 | D:9      | Bought a scroll of identify for 30 gold pieces
  5775 | D:9      | Bought a scroll of fog for 30 gold pieces
  5782 | D:9      | Noticed Psyche
  5788 | D:9      | Killed Psyche
  5788 | D:9      | Reached XP level 10. HP: 92/92 MP: 7/7
  5817 | D:9      | Noticed Joseph
  5829 | D:9      | Killed Joseph
  5829 | D:9      | Reached skill level 3 in Invocations
  5866 | D:9      | Found Nonoos's Assorted Antiques.
  5910 | D:9      | Found a staircase to the Orcish Mines.
  5918 | D:9      | Reached *** piety under Makhleb
  5946 | Orc:1    | Entered Level 1 of the Orcish Mines
  5962 | Orc:1    | Reached skill level 4 in Invocations
  6169 | Orc:2    | Entered Level 2 of the Orcish Mines
  6169 | Orc:2    | Noticed an orc knight
  6171 | Orc:2    | Noticed Saint Roka
  6184 | Orc:2    | Reached **** piety under Makhleb
  6184 | Orc:2    | Killed an orc knight
  6187 | Orc:2    | HP: 3/94 [Saint Roka/divine providence (10)]
  6277 | D:9      | Noticed Erica
  6296 | D:9      | Killed Erica
  6296 | D:9      | Reached skill level 5 in Invocations
  6343 | D:9      | Found Bouga's Assorted Antiques.
  6351 | D:9      | Bought 2 potions of heal wounds for 250 gold pieces
  6351 | D:9      | Bought a scroll labeled VUGAEP TIVAUVO for 25 gold pieces
  6356 | D:9      | Noticed a two-headed ogre
  6371 | D:9      | Killed a two-headed ogre
  6371 | D:9      | Reached XP level 11. HP: 86/100 MP: 7/9
  6391 | D:9      | Found a snail-covered altar of Cheibriados.
  6461 | D:9      | Found Wufoschue's Armour Boutique.
  6474 | D:9      | Found a radiant altar of Vehumet.
  6550 | D:9      | Found a staircase to the Lair.
  6657 | D:9      | Found Ywammess's Antique Armour Shoppe.
  6681 | D:10     | Entered Level 10 of the Dungeon
  6914 | D:10     | Found a basalt altar of Yredelemnul.
  6928 | D:10     | Reached skill level 9 in Armour
  7131 | D:10     | Reached skill level 6 in Invocations
  7178 | D:11     | Reached skill level 9 in Shields
  7225 | D:11     | Reached skill level 9 in Axes
  7267 | D:11     | Reached ***** piety under Makhleb
  7457 | D:12     | Noticed a green ugly thing
  7472 | D:12     | Killed a green ugly thing
  7505 | D:12     | Noticed a red ugly thing
  7522 | D:12     | Killed a red ugly thing
  7731 | D:12     | Reached skill level 7 in Invocations
  7774 | D:12     | Noticed a two-headed ogre
  7775 | D:12     | Found a flagged portal.
  7781 | D:12     | Killed a two-headed ogre
  7785 | D:12     | Noticed a deep elf mage
  7788 | Bailey   | Entered a bailey
  7834 | Bailey   | Found an iron altar of Okawaru.
  7847 | Bailey   | Reached skill level 9 in Dodging
  7920 | Bailey   | Found the +8 trident of the Octopus King {venom, rElec rPois MR+}
  8077 | Bailey   | Noticed an orc knight
  8077 | Bailey   | Noticed an orc knight
  8090 | Bailey   | Killed an orc knight
  8090 | Bailey   | Reached XP level 12. HP: 90/111 MP: 11/11
  8513 | D:12     | Noticed Josephine
  8514 | D:12     | Noticed a two-headed ogre
  8514 | D:12     | Noticed a four-headed hydra
  8550 | D:12     | Reached skill level 8 in Invocations
  8595 | D:12     | Killed a one-headed hydra
  8661 | D:12     | Noticed a tengu warrior
  8684 | D:12     | Killed a tengu warrior
  8788 | D:12     | Killed Josephine
  8796 | D:12     | Killed a two-headed ogre
  8824 | D:12     | Reached skill level 9 in Invocations
  9290 | D:13     | Noticed a four-headed hydra
  9309 | D:13     | Killed a 12-headed hydra
  9309 | D:13     | Reached ****** piety under Makhleb
  9309 | D:13     | Reached skill level 9 in Fighting
  9556 | D:13     | Reached XP level 13. HP: 121/121 MP: 14/14
  9654 | D:13     | Noticed Nessos
  9676 | D:13     | Killed Nessos
  9877 | D:14     | Found a gate to the Vaults.
  9925 | D:14     | Reached skill level 10 in Invocations
 10201 | D:14     | Found a shimmering altar of Xom.
 10203 | D:14     | Found a shimmering altar of Xom.
 10203 | D:14     | Found a shimmering altar of Xom.
 10214 | D:14     | Found a glowing silver altar of Zin.
 10214 | D:14     | Found a sparkling altar of Nemelex Xobeh.
 10214 | D:14     | Found a shattered altar of Ashenzari.
 10360 | D:14     | Found a runed door.
 10377 | D:14     | Paralysed by a hornet for 1 turns
 10384 | D:14     | Paralysed by a hornet for 1 turns
 10404 | D:14     | Reached skill level 11 in Invocations
 10412 | D:14     | Gained mutation: You resist negative energy. (rN+) [Deep Dwarf growth]
 10412 | D:14     | Reached XP level 14. HP: 132/132 MP: 16/16
 10774 | D:14     | Reached skill level 12 in Shields
 10793 | D:14     | Reached skill level 12 in Axes
 10793 | D:14     | Reached skill level 12 in Armour
 10943 | D:14     | Found a shadowy altar of Dithmenos.
 11008 | D:15     | Entered Level 15 of the Dungeon
 11025 | D:15     | Noticed Kirke
 11084 | D:15     | Killed Kirke
 11356 | D:15     | Found a shimmering altar of Xom.
 11394 | D:15     | Found a staircase to the Depths.
 11511 | D:15     | Reached skill level 12 in Invocations
 11936 | Lair:1   | Entered Level 1 of the Lair of Beasts
 11977 | Lair:1   | Reached skill level 12 in Dodging
 12611 | Lair:2   | Noticed Harold
 12628 | Lair:2   | Killed Harold
 13376 | Lair:3   | Reached XP level 15. HP: 140/140 MP: 18/18
 13742 | Lair:4   | Found a staircase to the Swamp.
 13814 | Lair:4   | Found a staircase to the Snake Pit.
 13833 | Snake:1  | Entered Level 1 of the Snake Pit
 14039 | Snake:2  | Noticed Jorgrun
 14072 | Snake:2  | Killed Jorgrun
 14076 | Snake:2  | Noticed Aizul
 14077 | Snake:2  | Noticed Vashnia
 14096 | Snake:2  | Killed Aizul
 14113 | Snake:2  | Killed Vashnia
 14125 | Snake:2  | Reached skill level 13 in Invocations
 14227 | Snake:4  | Entered Level 4 of the Snake Pit
 14348 | Snake:4  | Noticed Gorice's ghost (adept HOGl)
 14367 | Snake:4  | Noticed a nagaraja
 14383 | Snake:4  | Killed a nagaraja
 14396 | Snake:4  | Noticed a nagaraja
 14398 | Snake:4  | Killed Gorice's ghost
 14427 | Snake:4  | Killed a nagaraja
 14427 | Snake:4  | Reached XP level 16. HP: 91/152 MP: 17/19
 14513 | Snake:4  | Reached skill level 14 in Invocations
 14553 | Snake:4  | Reached skill level 12 in Fighting
 14584 | Snake:4  | Got a serpentine rune of Zot
 14720 | Swamp:1  | Entered Level 1 of the Swamp
 14815 | Swamp:2  | Paralysed by a hornet for 1 turns
 15119 | Swamp:4  | Entered Level 4 of the Swamp
 15313 | Swamp:4  | Noticed a thorn hunter
 15329 | Swamp:4  | Killed a thorn hunter
 15679 | Swamp:4  | Noticed a thorn hunter
 15691 | Swamp:4  | Killed a thorn hunter
 15946 | Swamp:4  | Noticed a bone dragon
 15980 | Swamp:4  | Killed a bone dragon
 15980 | Swamp:4  | Reached XP level 17. HP: 111/155 MP: 20/20
 15985 | Swamp:4  | Got a decaying rune of Zot
 16423 | Vaults:1 | Entered Level 1 of the Vaults
 16525 | Vaults:1 | Reached skill level 15 in Invocations
 16568 | Vaults:1 | Noticed Asterion
 16602 | Vaults:1 | Gained mutation: You are weak. (Str -2) [a cacodemon]
 16606 | Vaults:1 | Killed Asterion
 17010 | Vaults:2 | Noticed a tentacled monstrosity
 17036 | Vaults:2 | Killed a tentacled monstrosity
 17068 | Vaults:2 | Reached skill level 15 in Shields
 17232 | Vaults:2 | Reached skill level 15 in Axes
 17241 | Vaults:2 | Reached skill level 15 in Armour
 17323 | Vaults:3 | Gained mutation: You passively map a large area around you. [Deep Dwarf growth]
 17323 | Vaults:3 | Reached XP level 18. HP: 171/171 MP: 21/21
 17776 | Vaults:4 | Reached skill level 16 in Invocations
 17858 | Vaults:4 | Reached skill level 15 in Dodging
 17892 | Vaults:4 | Found a magical portal.
 18173 | Vaults:5 | Entered Level 5 of the Vaults
 18326 | Vaults:5 | Noticed a tentacled monstrosity
 18347 | Vaults:5 | Killed a tentacled monstrosity
 18402 | Vaults:5 | Noticed an Ice Fiend
 18457 | Vaults:5 | Reached XP level 19. HP: 181/181 MP: 23/23
 18504 | Vaults:5 | Noticed a golden dragon
 18526 | Vaults:5 | Killed a golden dragon
 18597 | Vaults:5 | Got a silver rune of Zot
 18635 | Vaults:5 | Noticed a golden dragon
 18644 | Vaults:5 | Reached skill level 17 in Invocations
 18652 | Vaults:5 | Killed a golden dragon
 18975 | Depths:1 | Entered Level 1 of the Depths
 18975 | Depths:1 | Noticed Sojobo
 19004 | Depths:1 | Found a gateway to a ziggurat.
 19105 | Depths:1 | Killed Sojobo
 19308 | Depths:3 | Noticed a Tzitzimitl
 19515 | Depths:5 | Entered Level 5 of the Depths
 19622 | Depths:5 | Found a one-way gate to the infinite horrors of the Abyss.
 19666 | Depths:5 | Reached XP level 20. HP: 192/192 MP: 21/21
 19874 | Depths:5 | Noticed a golden dragon
 19876 | Depths:5 | Noticed a golden dragon
 19892 | Depths:5 | Killed a golden dragon
 19901 | Depths:5 | Killed a golden dragon
 19903 | Depths:5 | Found a gate to the Realm of Zot.
 19925 | Zot:1    | Entered Level 1 of the Realm of Zot
 19973 | Zot:1    | Reached skill level 18 in Invocations
 20003 | Zot:2    | Noticed a curse toe
 20006 | Zot:2    | Noticed a golden dragon
 20028 | Zot:2    | Killed a golden dragon
 20050 | Zot:2    | Killed a curse toe
 20712 | Zot:5    | Entered Level 5 of the Realm of Zot
 20737 | Zot:5    | Noticed a Killer Klown
 20759 | Zot:5    | Killed a Killer Klown
 20759 | Zot:5    | Reached XP level 21. HP: 187/200 MP: 18/18
 20786 | Zot:5    | Reached skill level 15 in Fighting
 20838 | Zot:5    | Noticed an orb of fire
 20840 | Zot:5    | Noticed an orb of fire
 20841 | Zot:5    | Noticed a Killer Klown
 20852 | Zot:5    | Gained mutation: Your body sometimes deteriorates upon taking damage. [an orb of fire]
 20853 | Zot:5    | Noticed a Killer Klown
 20862 | Zot:5    | Gained mutation: You are very weak. (Str -4) [an orb of fire]
 20865 | Zot:5    | Noticed Tiamat
 20902 | Zot:5    | Noticed a curse toe
 20902 | Zot:5    | Noticed Uhlv's ghost (legendary MiBe)
 21009 | Zot:5    | Killed a curse toe
 21075 | Zot:5    | Killed Uhlv's ghost
 21223 | Zot:5    | Gained mutation: You are dopey. (Int -2) [an orb of fire]
 21224 | Zot:5    | Gained mutation: You expend magic power (3 MP) to strengthen your wands. [an orb of fire]
 21233 | Zot:5    | HP: 7/201 [orb of fire/fireball (45)]
 21235 | Zot:5    | Gained mutation: You are clumsy. (Dex -2) [an orb of fire]
 21242 | Zot:5    | Gained mutation: Your body often deteriorates upon taking damage. [an orb of fire]
 21245 | Zot:5    | Gained mutation: Armour fits poorly on your strangely shaped body. [an orb of fire]
 21252 | Zot:5    | Killed an orb of fire
 21252 | Zot:5    | Reached skill level 19 in Invocations
 21254 | Zot:5    | Lost mutation: You are clumsy. (Dex -2) [potion of mutation]
 21254 | Zot:5    | Lost mutation: You tend to lose your temper in combat. [potion of mutation]
 21254 | Zot:5    | Gained mutation: You tend to lose your temper in combat. [potion of mutation]
 21254 | Zot:5    | Gained mutation: You have hoof-like feet. [potion of mutation]
 21255 | Zot:5    | Lost mutation: You tend to lose your temper in combat. [potion of mutation]
 21255 | Zot:5    | Lost mutation: Your body often deteriorates upon taking damage. [potion of mutation]
 21255 | Zot:5    | Lost mutation: You are very weak. (Str -4) [potion of mutation]
 21255 | Zot:5    | Lost mutation: You are weak. (Str -2) [potion of mutation]
 21255 | Zot:5    | Gained mutation: You are very dopey. (Int -4) [potion of mutation]
 21255 | Zot:5    | Gained mutation: You have supernaturally acute eyesight. (SInv) [potion of mutation]
 21256 | Zot:5    | Lost mutation: You are very dopey. (Int -4) [potion of mutation]
 21256 | Zot:5    | Lost mutation: Your body sometimes deteriorates upon taking damage. [potion of mutation]
 21256 | Zot:5    | Gained mutation: Your flesh is cold resistant. (rC+) [potion of mutation]
 21256 | Zot:5    | Gained mutation: You possess an exceptional clarity of mind. [potion of mutation]
 21310 | Zot:5    | Got the Orb of Zot
 21310 | Zot:5    | HP: 10/201 [Orb Guardian (18)]
 21310 | Zot:5    | HP: 3/201 [Orb Guardian (7)]
 21310 | Zot:5    | Slain by an Orb Guardian

Vault maps used:
D:1:      nzn_arrival_crosshair
D:2:      first_ration, uniq_terence, uniq_sigmund, uniq_natasha
D:3:      minivault_5, roderic_lattice_a, uniq_crazy_yiuf_cottage, uniq_grinder
D:4:      nicolae_overflow_hidden_temple, nicolae_ossuary_entry_plus
D:5:      chequers_temple_overflow_statue_of_worship, minmay_temple_entry_mist,
          basic_altar, uniq_ijyb
D:6:      kennysheep_little_box, grunt_ministairs_7, st_stairs_11, uniq_pikel
D:7:      lemuel_ice_spiral_2
D:9:      vehumet_crystals, slow_altar_2, minmay_lair_entry_lava,
          hiddenorc2_lemuel, serial_shops, kennysheep_mini_moat,
          kennysheep_mini, nicolae_shop_stone, shop_statue, shop,
          corner_web_ring, uniq_joseph, uniq_erica, uniq_psyche
D:10:     basic_altar
D:11:     hangedman_little_slice_of_home, nicolae_transmutations_shop
D:12:     kennysheep_windowed_halls, enter_bailey_2, uniq_josephine
D:13:     minmay_expanding_squares, uniq_nessos
D:14:     minmay_the_grid_square_5x5_4x4, erik_vaults_2,
          nicolae_dithmenos_through_a_glass_darkly, doesnt_xom_only_xom
D:15:     gammafunk_depths_entry_grave, minivault_24, basic_altar, uniq_kirke
Temple:   eino_temple_lava
Lair:1:   grunt_forest_large_clearings
Lair:2:   uniq_harold
Lair:3:   grunt_megastairs_2, serial_bayou_shore_b
Lair:4:   minmay_swamp_entry_eels, minmay_snake_entry_guardpost_small,
          zaba_antful_of_joy
Swamp:1:  nicolae_swamp_trees_clearing
Swamp:2:  evilmike_swamp_ruin_house_4, swamp_pool1
Swamp:3:  nicolae_swamp_feature_on_the_river_bank
Swamp:4:  swamp_pestilence, swamp_pool1
Snake:1:  spider_trap, st_stairs_13
Snake:2:  serial_bayou_ford_a, nicolae_snake_lava_pool, basic_stair_grate_trap,
          serial_bayou_shore_a, uniq_jorgrun, uniq_vashnia, uniq_aizul
Snake:3:  portal_ice_cave_entry_pillars_three
Snake:4:  snake_pit
Orc:2:    pf_orc_diabolical, uniq_saint_roka, uniq_sonja, uniq_snorg
Vaults:1: v_misc_25, ontoclasm_vaults_misaligned,
          hangedman_vaults_corner_blocks, ontoclasm_vaults_idyll,
          nicolae_vaults_theta, vaults_room_fours, nicolae_vaults_display_case,
          serial_shops, nicolae_shop_behind_doors, uniq_asterion
Vaults:2: v_alt_pattern_4, st_star, vaults_standard_mumra_lines,
          grunt_vaults_trifunnel, v_misc_16, nicolae_vaults_little_squares_5,
          v_rooms_5, v_misc_16, hangedman_vaults_restitches, v_misc_24,
          hangedman_vaults_impose, ontoclasm_vaults_gateway
Vaults:3: vaults_dpeg_encased_lava, v_pattern_1,
          minmay_crypt_entry_simple_round, ontoclasm_vaults_water_temple,
          hangedman_vaults_restitches, vaults_room_stairs_pillars,
          ontoclasm_vaults_shuriken, v_misc_27, nicolae_vaults_little_squares_6,
          hangedman_vaults_capsules, serial_ice_h, v_misc_1,
          hangedman_vaults_nodes, nicolae_vaults_little_squares_5,
          nicolae_vaults_diagonal_hallway_6, basic_altar, uniq_bai_suzhen
Vaults:4: v_misc_13, vaults_room_pools, vaults_room_semicircle,
          nicolae_vaults_theta, v_misc_28, st_squares, vaults_room_semicircle,
          vaults_mumra_hex, ontoclasm_vaults_decontamination, vaults_room_fours,
          mu_enter_wizlab_1
Vaults:5: serial_shops
Depths:1: enter_ziggurat_c, kennysheep_big_empty_room, hell_entry,
          minmay_librarian, uniq_sojobo
Depths:2: minmay_glassy_protrusions, hell_entry, corexii_corridor_pit,
          abyss_entry_small_statue_room, hangedman_aerie_drop,
          grunt_megastairs_4
Depths:3: grunt_x_marks_the_spot, grunt_hell_entry_dis_grunt, minmay_hedge_maze,
          rand_demon_pan_entry_9, grunt_ministairs_4, basic_stair_grate_trap,
          infiniplex_staircase_door_maze
Depths:4: grated_community_mu, abyss_entry, minmay_misc_feat_columns,
          special_room, hangedman_coc_ice_floe, minivault_16,
          kennysheep_generic_room_15, minmay_shoptagon,
          infiniplex_staircase_squiggle
Depths:5: grunt_zot_entry_gee_three, abyss_entry, pf_vacation_house_of_asmodeus,
          minmay_misc_feat_plants
Zot:2:    st_stairs_1, lemuel_elevator
Zot:3:    lemuel_halls_of_wrath, chequers_guarded_unrand_mask_of_the_dragon
Zot:4:    grunt_zot_stairs_overgrown
Zot:5:    uniq_tiamat
Bailey:   bailey_axe_of_yendor_kennysheep, bailey

Skill      XL: |  1  2  3  4  5  6  7  8  9 10 11 12 13 14 15 16 17 18 19 20 21 |
---------------+----------------------------------------------------------------+-----
Axes           | 3 4 5 6 7 8 9 10 11 12 13 14 15 16 17 | 17.6
Dodging        | 1 2 3 4 5 6 7 9 10 11 12 13 14 15 16 17 | 17.2
Fighting       | 3 4 5 6 7 8 9 10 11 12 13 14 15 | 15.2
Armour         | 4 5 6 7 8 9 10 11 12 13 14 15 16 17 | 17.6
Shields        | 4 5 6 7 8 9 10 11 12 13 14 15 16 17 | 17.6
Invocations    | 2 5 7 9 11 12 13 14 15 16 17 18 19 | 19.0

Action                   |  1- 3 |  4- 6 |  7- 9 | 10-12 | 13-15 | 16-18 | 19-21 || total
-------------------------+-------+-------+-------+-------+-------+-------+-------++-------
Melee: War axe           |   105 |   122 |   549 |       |       |       |       ||   776
       Broad axe         |       |       |    38 |   789 |  1340 |  1186 |  1213 ||  4566
       Kick              |       |       |     7 |   163 |       |       |       ||   170
       Scimitar          |       |       |       |     8 |     7 |    72 |       ||    87
       Unarmed           |       |       |       |       |     9 |       |       ||     9
Throw: Throwing net      |       |       |       |       |     1 |       |     1 ||     2
Invok: Lesser Servant of |       |       |       |     2 |       |       |     1 ||     3
       Greater Servant o |       |       |       |       |     1 |     2 |     9 ||    12
 Abil: Heal Wounds       |     2 |     6 |     8 |     2 |     7 |     7 |    63 ||    95
       Stop Flying       |       |       |       |       |       |     1 |       ||     1
Evoke: Wand              |       |       |     1 |     2 |     4 |       |     8 ||    15
  Use: Potion            |       |       |     8 |     2 |     5 |     8 |     6 ||    29
       Scroll            |       |       |    11 |     1 |    12 |     9 |    13 ||    46
 Stab: Distracted        |       |       |       |     1 |       |       |    11 ||    12
       Confused          |       |       |       |       |       |     2 |     2 ||     4
  Eat: Chunk             |       |     2 |    14 |    17 |    16 |    11 |     5 ||    65
       Ration            |       |       |     2 |     2 |     2 |     5 |     2 ||    13
Armor: Scale mail        |    59 |    35 |    22 |       |       |       |       ||   116
       Plate armour      |       |       |   245 |   507 |   782 |   667 |   363 ||  2564
       Gold dragon scale |       |       |       |       |       |       |   262 ||   262
       Skin              |       |       |       |       |       |       |    42 ||    42
Dodge: Dodged            |    53 |    38 |   198 |   343 |   559 |   607 |   491 ||  2289
Block: Shield            |    87 |    63 |   513 |   588 |    91 |       |       ||  1342
       Large shield      |       |       |       |       |  1695 |  1979 |  1706 ||  5380
       Other             |       |       |       |       |    21 |       |       ||    21
       Reflection        |       |       |       |       |    91 |    93 |    43 ||   227
       Rpst.: Scimitar   |       |       |       |       |       |    10 |       ||    10

Table legend:
 A = Spawn XP
 B = Non-spawn XP
 C = Spawn XP percentage of total XP
 D = Spawn monster count
 E = Non-spawn monster count
 F = Spawn count percentage of total count
 G = Total turns spent on level
                    A         B        C        D         E        F      G
               +---------+---------+-------+---------+---------+-------+---------
         Total |       0 |  633821 |   0.0 |       0 |    1267 |   0.0 | 21310
               +---------+---------+-------+---------+---------+-------+---------
           D:1 |       0 |      79 |   0.0 |       0 |      38 |   0.0 |   536
           D:2 |       0 |     403 |   0.0 |       0 |      25 |   0.0 |   719
           D:3 |       0 |     359 |   0.0 |       0 |      27 |   0.0 |  1232
           D:4 |       0 |     597 |   0.0 |       0 |      16 |   0.0 |   720
           D:5 |       0 |     664 |   0.0 |       0 |      25 |   0.0 |   730
           D:6 |       0 |    1104 |   0.0 |       0 |      25 |   0.0 |   717
           D:7 |       0 |    1478 |   0.0 |       0 |      30 |   0.0 |   914
           D:8 |       0 |     248 |   0.0 |       0 |       6 |   0.0 |   130
           D:9 |       0 |    4622 |   0.0 |       0 |      47 |   0.0 |   712
          D:10 |       0 |    1740 |   0.0 |       0 |      20 |   0.0 |   576
          D:11 |       0 |    2254 |   0.0 |       0 |      14 |   0.0 |   283
          D:12 |       0 |   13807 |   0.0 |       0 |      57 |   0.0 |  1280
          D:13 |       0 |    9582 |   0.0 |       0 |      40 |   0.0 |   718
          D:14 |       0 |   33764 |   0.0 |       0 |      75 |   0.0 |  1175
          D:15 |       0 |   15318 |   0.0 |       0 |      35 |   0.0 |   799
        Lair:1 |       0 |    6484 |   0.0 |       0 |      39 |   0.0 |   660
        Lair:2 |       0 |    2377 |   0.0 |       0 |       7 |   0.0 |   359
        Lair:3 |       0 |    5481 |   0.0 |       0 |      21 |   0.0 |   687
        Lair:4 |       0 |    5523 |   0.0 |       0 |      22 |   0.0 |   307
       Swamp:1 |       0 |    3236 |   0.0 |       0 |       6 |   0.0 |   107
       Swamp:2 |       0 |    3436 |   0.0 |       0 |       7 |   0.0 |   205
       Swamp:3 |       0 |    3044 |   0.0 |       0 |       8 |   0.0 |   201
       Swamp:4 |       0 |   26559 |   0.0 |       0 |      56 |   0.0 |   928
       Snake:1 |       0 |    5781 |   0.0 |       0 |       9 |   0.0 |   231
       Snake:2 |       0 |   17562 |   0.0 |       0 |      19 |   0.0 |   167
       Snake:3 |       0 |    4531 |   0.0 |       0 |       6 |   0.0 |    30
       Snake:4 |       0 |   46796 |   0.0 |       0 |      70 |   0.0 |   438
         Orc:1 |       0 |    1228 |   0.0 |       0 |      16 |   0.0 |   229
         Orc:2 |       0 |     804 |   0.0 |       0 |      17 |   0.0 |    22
      Vaults:1 |       0 |   31995 |   0.0 |       0 |      65 |   0.0 |   532
      Vaults:2 |       0 |   30911 |   0.0 |       0 |      36 |   0.0 |   448
      Vaults:3 |       0 |   17442 |   0.0 |       0 |      24 |   0.0 |   288
      Vaults:4 |       0 |   30864 |   0.0 |       0 |      43 |   0.0 |   736
      Vaults:5 |       0 |   82399 |   0.0 |       0 |      82 |   0.0 |   496
      Depths:1 |       0 |   17625 |   0.0 |       0 |      25 |   0.0 |   185
      Depths:2 |       0 |    4968 |   0.0 |       0 |       4 |   0.0 |    58
      Depths:3 |       0 |   17421 |   0.0 |       0 |      25 |   0.0 |   204
      Depths:4 |       0 |    5644 |   0.0 |       0 |       4 |   0.0 |    93
      Depths:5 |       0 |   40396 |   0.0 |       0 |      36 |   0.0 |   410
         Zot:1 |       0 |    2966 |   0.0 |       0 |       1 |   0.0 |    53
         Zot:2 |       0 |   27484 |   0.0 |       0 |      20 |   0.0 |   269
         Zot:3 |       0 |   45490 |   0.0 |       0 |      51 |   0.0 |   323
         Zot:4 |       0 |    4994 |   0.0 |       0 |       5 |   0.0 |   142
         Zot:5 |       0 |   50880 |   0.0 |       0 |      19 |   0.0 |   598
        Bailey |       0 |    3481 |   0.0 |       0 |      44 |   0.0 |   615
               +---------+---------+-------+---------+---------+-------+---------
